 Dungeon Crawl Stone Soup version 0.21.1-1-g345015fe64 (webtiles) character file.

324 Lothor the Slinger (level 6, -1/39 HPs)
             Began as a Halfling Hunter on Apr 12, 2018.
             Slain by Grinder (6 damage)
             ... while paralysed by Grinder
             ... on level 4 of the Dungeon.
             The game lasted 00:08:30 (2840 turns).

Lothor the Slinger (Halfling Hunter)                Turns: 2840, Time: 00:08:30

Health: -1/39      AC:  4    Str: 13    XL:     6   Next: 77%
Magic:  6/6        EV:  3    Int:  9    God:
Gold:   262        SH:  0    Dex: 17    Spells: 5/5 levels left

rFire    . . .     SeeInvis .   a - +1 hunting sling
rCold    . . .     Gourm    .   (shield restricted)
rNeg     . . .     Faith    .   c - +0 leather armour
rPois    .         Spirit   .   (no helmet)
rElec    .         Reflect  .   (no cloak)
rCorr    .         Harm     .   w - +0 pair of gloves
MR       .....                  (no boots)
Stlth    ++........             (no amulet)
HPRegen  0.13/turn              (no ring)
MPRegen  0.10/turn              (no ring)

@: paralysed
A: small, mutation resistance 1
a: no special abilities


You were on level 4 of the Dungeon.
You were not hungry.

You visited 1 branch of the dungeon, and saw 4 of its levels.

You collected 262 gold pieces.

Inventory:

Hand Weapons
 a - a +1 hunting sling (weapon)
 b - a +0 short sword
Missiles
 g - 14 arrows
 p - 88 stones (quivered)
 t - 4 tomahawks
Armour
 c - a +0 leather armour (worn)
 w - a +0 pair of gloves (worn)
Wands
 r - a wand of clouds (5)
Scrolls
 e - a scroll of fog {unknown}
 i - 5 scrolls of teleportation {unknown}
 j - a scroll of blinking {unknown}
 l - 2 scrolls of identify {unknown}
 o - 2 scrolls of enchant armour {unknown}
 q - 2 scrolls of random uselessness {unknown}
 u - a scroll of remove curse {unknown}
Potions
 h - 2 potions of agility {unknown}
 k - a potion of lignification {unknown}
 m - a potion of haste {unknown}
 n - a potion of brilliance {unknown}
 s - 2 potions of cancellation {unknown}
 v - a potion of curing {unknown}
Comestibles
 f - 7 rations


   Skills:
 - Level 1.7 Fighting
 + Level 10.7 Slings
 - Level 2.1 Dodging
 - Level 1.1 Stealth


You had 5 spell levels left.
You didn't know any spells.

Dungeon Overview and Level Annotations

Branches:
Dungeon (4/15)
 Temple: D:4-7

Altars:
Elyvilon
Xom

Annotations:
D:4 Grinder


Innate Abilities, Weirdness & Mutations

You are small and have problems with some larger weapons.
You are somewhat resistant to further mutation.


Message History

Grinder is heavily wounded.
Firing (i - inventory. (,) - cycle):
p - 89 stones (quivered)
Press: ? - help, Shift-Dir - straight line, f/p - Grinder
Aim: Grinder (heavily wounded)
You shoot a stone.
The stone hits Grinder but does no damage.
Grinder is heavily wounded.
Grinder gestures at you.
You suddenly lose the ability to move!
A worker ant comes into view.
Grinder says, "Wait up."
Grinder hits you! Grinder hits you. Grinder hits you!
You writhe in agony.
Grinder hits you.
* * * LOW HITPOINT WARNING * * *
You writhe in agony.
* * * LOW HITPOINT WARNING * * *
Grinder hits you.
You die...

#################
.........#......### #)#
.........#.###....###.###
.........#.#........#...
...((....#.#..)...#.#..#
..................#.#..#
#...###(5@..........#..# ##
#.(...#.#....##..#
###(......#........# .
#.(...a.#.#.......####
....####.###.....#...#......#
.......(.# ......#.........>#
.5Z#...###.###...#.#..#......
..###(. .....#.#.#........> .
.#..# <......#...........


You could see Grinder and a worker ant (wandering).

Vanquished Creatures
  Menkaure (D:4)
  The ghost of TimKlarigon the Ducker, a weakling DsMo (D:3)
  2 orc priests (D:3)
  2 adders (D:3)
  A worm (D:3)
  2 dart slugs (D:1)
  2 leopard geckos
  4 orcs (D:3)
  13 bats
  7 giant cockroaches
  10 goblins
  4 hobgoblins
  8 jackals
  A ball python (D:1)
  4 frilled lizards
  7 kobolds
  A quokka skeleton (D:4)
  5 rats
75 creatures vanquished.

Notes
Turn   | Place    | Note
-------+----------+-------------------------------------------
     0 | D:1      | Lothor the Halfling Hunter began the quest for the Orb.
     0 | D:1      | Reached XP level 1. HP: 14/14 MP: 1/1
    61 | D:1      | Reached skill level 6 in Slings
    76 | D:1      | Reached XP level 2. HP: 16/19 MP: 2/2
   311 | D:1      | Reached skill level 7 in Slings
   311 | D:1      | Reached XP level 3. HP: 24/24 MP: 3/3
   919 | D:2      | Found a white marble altar of Elyvilon.
  1302 | D:2      | Reached XP level 4. HP: 29/29 MP: 4/4
  1303 | D:2      | Found a shimmering altar of Xom.
  1563 | D:3      | Reached skill level 8 in Slings
  1607 | D:3      | Reached XP level 5. HP: 7/34 MP: 5/5
  1915 | D:3      | Noticed TimKlarigon's ghost (weakling DsMo)
  1933 | D:3      | Killed TimKlarigon's ghost
  1933 | D:3      | Reached skill level 9 in Slings
  2249 | D:3      | Reached XP level 6. HP: 35/39 MP: 6/6
  2553 | D:4      | Noticed Menkaure
  2568 | D:4      | Killed Menkaure
  2568 | D:4      | Reached skill level 10 in Slings
  2808 | D:4      | Noticed Grinder
  2827 | D:4      | Paralysed by Grinder for 5 turns
  2835 | D:4      | Paralysed by Grinder for 5 turns
  2840 | D:4      | Slain by Grinder

Skill      XL: |  1  2  3  4  5  6 |
---------------+-------------------+-----
Slings         | 6 7 8 9 10 | 10.7
Fighting       | |  1.7
Dodging        | |  2.1
Stealth        | |  1.1

Action                   |  1- 3 |  4- 6 || total
-------------------------+-------+-------++-------
 Fire: Hunting sling     |   108 |   142 ||   250
  Eat: Chunk             |     1 |     4 ||     5
Armor: Leather armour    |    10 |     6 ||    16
Dodge: Dodged            |    29 |    24 ||    53
